AoeStats
← Tiafa Teifl

Arena

510153715Analyzed
3v3 RM · 4d ago on Sep 29, 2026· 49m 22s· 6 players
Game mode
Random Map
Map size
Normal (6 player)
Population
200
Speed
Normal
Resources
Standard
Victory
Conquest
Starting age
Dark Age
Ending age
Imperial Age
RankedLock teamsTeams togetherTeam positionsShared explorationLock speedFull tech treeHidden civsTurbo modeCheats
Victory
Defeat
🇩🇪 Burgundians · Germany
878
+14
🇦🇹 Romans · Austria
870
+14
🇦🇹 Britons · Austria
774
+18
🇹🇷 Teutons · Türkiye
881
-17
🇹🇷 Turks · Türkiye
809
-15
🇹🇷 Britons · Türkiye
802
-14
killiomer07
11:55 Feudal Age
12:44 Double-Bit Axe
13:19 Loom
15:36 Castle Age
15:33 Man-at-Arms
20:05 Scale Mail Armor
21:37 Forging
24:04 Bow Saw
24:29 Long Swordsman
24:55 Gambesons
25:11 Squires
24:56 Arson
25:21 Horse Collar
26:55 Iron Casting
26:37 Chain Mail Armor
27:39 Pikeman
35:53 Imperial Age
35:27 Wheelbarrow
35:05 Gold Mining
35:06 Stone Mining
37:23 Halberdier
37:27 Two-Handed Swordsman
39:04 Elite Skirmisher
40:23 Fletching
40:33 Padded Archer Armor
41:36 Blast Furnace
41:06 Plate Mail Armor
40:57 Hand Cart
40:30 Cavalier
42:20 Two-Man Saw
41:23 Bodkin Arrow
41:33 Scale Barding Armor
41:31 Heavy Plow
41:26 Stone Mining
43:00 Loom
43:00 Town Watch
43:49 Ballistics
44:30 Chemistry
44:00 Bloodlines
45:38 Leather Archer Armor
47:41 Ring Archer Armor
47:17 Scale Barding Armor
ahmet19288305
1:48 Loom
11:49 Feudal Age
12:42 Double-Bit Axe
20:18 Castle Age
19:15 Stone Mining
19:26 Fletching
19:36 Padded Archer Armor
20:29 Wheelbarrow
19:53 Horse Collar
21:31 Bow Saw
22:24 Heavy Plow
23:55 Town Watch
25:00 Hand Cart
25:27 Thumb Ring
25:23 Bodkin Arrow
25:43 Leather Archer Armor
29:55 Ballistics
29:36 Gold Mining
32:32 Gold Shaft Mining
36:47 Imperial Age
36:17 Gold Shaft Mining
36:03 Forging
35:54 Scale Mail Armor
36:00 Scale Barding Armor
35:57 Husbandry
36:08 Bloodlines
37:08 Caravan
37:52 Conscription
38:04 Bracer
38:35 Ring Archer Armor
38:07 Elite Janissary
42:28 Iron Casting
42:13 Chain Barding Armor
42:21 Murder Holes
Cpt. John "Soap" MacTavish
49:51 Feudal Age
Tiafa Teifl
0:27 Loom
10:10 Feudal Age
11:28 Wheelbarrow
10:43 Double-Bit Axe
11:12 Gold Mining
15:36 Stone Mining
16:41 Horse Collar
18:49 Forging
18:40 Scale Mail Armor
20:14 Arson
23:52 Castle Age
25:48 Hand Cart
26:17 Bow Saw
26:10 Heavy Plow
26:48 Gold Shaft Mining
26:23 Squires
25:44 Pikeman
30:48 Iron Casting
30:29 Chain Mail Armor
30:05 Fletching
30:15 Padded Archer Armor
32:47 Yeomen
34:45 Bodkin Arrow
35:06 Leather Archer Armor
38:42 Ballistics
41:37 Masonry
44:22 Imperial Age
45:22 Halberdier
45:26 Elite Longbowman
46:27 Caravan
47:56 Chemistry
Haudinida
0:26 Loom
10:54 Feudal Age
10:49 Double-Bit Axe
10:45 Horse Collar
12:05 Bow Saw
13:23 Wheelbarrow
16:45 Town Watch
16:53 Gold Mining
21:45 Castle Age
19:51 Heavy Plow
20:08 Stone Mining
20:14 Fletching
22:19 Gold Shaft Mining
21:58 Forging
22:01 Scale Mail Armor
23:28 Hand Cart
25:50 Bodkin Arrow
31:40 Imperial Age
29:08 Treadmill Crane
29:39 Fortified Wall
30:21 Crop Rotation
30:31 Caravan
31:58 Pikeman
32:39 Squires
33:14 Halberdier
33:41 Arson
34:17 Masonry
34:05 Murder Holes
35:11 Chemistry
34:32 Ballistics
34:50 Iron Casting
36:19 Conscription
35:27 Elite Skirmisher
38:06 Burgundian Vineyards
40:21 Elite Coustillier
41:38 Hoardings
42:22 Blast Furnace
41:24 Padded Archer Armor
43:10 Architecture
43:48 Scale Barding Armor
43:59 Chain Mail Armor
44:00 Leather Archer Armor
43:46 Bracer
44:10 Husbandry
45:29 Chain Barding Armor
Archimedes420
8:09 Loom
10:09 Feudal Age
11:19 Horse Collar
11:26 Double-Bit Axe
14:28 Man-at-Arms
16:46 Man-at-Arms
18:17 Scale Mail Armor
18:27 Forging
22:33 Castle Age
22:50 Bloodlines
23:36 Heavy Plow
24:34 Bow Saw
25:28 Husbandry
25:52 Squires
26:11 Fletching
26:21 Town Watch
27:12 Scale Barding Armor
29:17 Wheelbarrow
29:00 Long Swordsman
29:01 Pikeman
29:43 Stone Mining
29:49 Gold Mining
31:18 Chain Mail Armor
31:47 Gold Shaft Mining
35:13 Iron Casting
34:58 Chain Barding Armor
35:53 Town Patrol
42:17 Imperial Age
40:05 Hand Cart
41:36 Bodkin Arrow
42:25 Halberdier
43:23 Fervor
43:44 Caravan
44:19 Conscription
45:34 Plate Barding Armor
46:01 Blast Furnace
45:44 Crop Rotation
46:38 Chemistry
46:31 Legionary
49:00 Comitatenses
Connection lost

Rejoining the realm…

Still unreachable

The connection could not be restored.

Session expired

The server has moved on; the page needs a fresh start.